 Dungeon Crawl Stone Soup version 0.31-a0-263-ge8cad7f256 (webtiles) character file.

Game seed: 4705947656283152938

60 qw the Shooter (level 3, 0/29 HPs)
             Began as a Minotaur Hexslinger on July 13, 2023.
             Slain by an orc wizard
             ... wielding a +0 dagger
              (4 damage)
             ... on level 4 of the Dungeon.
             The game lasted 00:00:34 (1179 turns).

qw the Shooter (Minotaur Hexslinger)                Turns: 1179, Time: 00:00:34

Health: 0/29       AC:  2    Str: 12    XL:     3   Next: 80%
Magic:  3/3        EV: 12    Int: 10    God:
Gold:   52         SH:  0    Dex: 14    Spells: 3/4 levels left

rFire   . . .        Y - +2 sling
rCold   . . .        (no shield)
rNeg    . . .        c - +0 robe
rPois   .            (helmet restricted)
rElec   .            (no cloak)
rCorr   .            (no gloves)
SInv    .            (no boots)
Will    .....        (no amulet)
Stlth   +            (no ring)
HPRegen 0.24/turn    (no ring)
MPRegen 0.08/turn

%: no passive effects
@: no status effects
A: horns 2, retaliatory headbutt
a: no special abilities


You were on level 4 of the Dungeon.
You visited 1 branch of the dungeon, and saw 3 of its levels.

You collected 52 gold pieces.


Innate Abilities, Weirdness & Mutations

You have a pair of horns on your head.
You reflexively headbutt those who attack you in melee.


   Skills:
 - Level 2.0 Fighting
 + Level 4.4 Ranged Weapons
 - Level 2.1 Dodging
 - Level 1.0 Spellcasting
 - Level 2.0 Hexes


You had 3 spell levels left.
You knew the following spells:

 Your Spells              Type           Power      Damage    Failure   Level
a - Slow                  Hex            16%        N/A       16%         1

Your spell library contained the following spells:

 Spells                   Type           Power      Damage    Failure   Level
 Inner Flame              Hex/Fire       2%         N/A       56%         3
 Portal Projectile        Hex/Tloc       4%         N/A       56%         3
 Cause Fear               Hex            2%         N/A       83%         4

Inventory:

Hand Weapons
 Y - a +2 sling (weapon)
Armour
 c - a +0 robe (worn)
 f - a +0 ring mail
Scrolls
 a - 3 scrolls of identify
 b - a scroll of vulnerability {unknown}
Potions
 d - 2 potions of heal wounds {unknown}
 e - a potion of mutation {unknown}

Dungeon Overview and Level Annotations

Branches:
Dungeon (2/15)

Altars:
Trog


Message History

You shoot a sling bullet. The sling bullet hits the orc wizard.
The orc wizard is moderately wounded.
An orc wizard is nearby!
Enter note: You shoot a sling bullet.
The sling bullet hits the orc wizard.
The orc wizard is heavily wounded.
The orc wizard points at you and mumbles some strange words.
You are confused.
An orc comes into view. It is wielding a +0 war axe.
A kobold comes into view. It is wielding a +0 dagger.
The orc wizard hits you with a +0 dagger.
The orc wizard hits you with a +0 dagger.
The orc wizard barely misses you.
You feel less confused.
The orc wizard casts a spell.
The orc wizard flickers and vanishes!
Deactivating autopickup; reactivate with Ctrl-A.
You shoot a sling bullet. Something hits you.
You shoot a sling bullet.
The sling bullet closely misses the orc.
Something hits you but does no damage. The orc misses you.
You shoot a sling bullet. The sling bullet hits the orc.
The orc is almost dead.
Something hits you but does no damage. The orc hits you with a +0 war axe.
You shoot a sling bullet. The sling bullet hits the orc.
You kill the orc!
Something hits you.
You shoot a sling bullet.
The sling bullet hits the kobold but does no damage.
Something hits you. The kobold hits you but does no damage. Something hits you.
The kobold hits you with a +0 dagger.
You shoot a sling bullet. The sling bullet misses the kobold.
You hear some strange, mumbled words.
A puff of flame appears from out of thin air!
The puff of flame hits you. The kobold hits you with a +0 dagger.
You shoot a sling bullet.
The sling bullet hits the kobold but does no damage.
Something hits you.
You die...

##.(....##
#######.#.
####.#..## ####
#..(..##
####...## ##
##..%###...
#)).....#
...#####...####
#........K..##..
#.####..@{)....#
#####......
..#### .... ..##
#..


You could see a kobold.

Vanquished Creatures
  An adder (D:4)
  A dart slug (D:1)
  4 orcs (D:4)
  9 hobgoblins
  2 jackals (D:1)
  2 quokkas (D:1)
  4 ball pythons
  4 bats (D:1)
  4 goblins
  8 kobolds
  2 rats
41 creatures vanquished.

Notes
Turn   | Place    | Note
-------+----------+-------------------------------------------
     0 | D:1      | qw the Minotaur Hexslinger began the quest for the Orb.
     0 | D:1      | Reached XP level 1. HP: 16/16 MP: 1/1
     0 | D:1      | 0 ||| qw: Version: 0.3-a-52-g30416fa
     0 | D:1      | 0 ||| qw: Game counter: 7235
     0 | D:1      | 0 ||| qw: Melee chars always use a shield: true
     0 | D:1      | 0 ||| qw: God list: Okawaru
     0 | D:1      | 0 ||| qw: Allow faded altars: false
     0 | D:1      | 0 ||| qw: Do Orc after clearing Dungeon:15 true
     0 | D:1      | 0 ||| qw: Do second Lair branch before Depths: true
     0 | D:1      | 0 ||| qw: Lair rune preference: random
     0 | D:1      | 0 ||| qw: Goals: Normal
     0 | D:1      | 0 ||| PLANNING D:1-11
   124 | D:1      | Reached skill level 3 in Ranged Weapons
   124 | D:1      | Reached XP level 2. HP: 23/23 MP: 2/2
   444 | D:1      | 444 ||| FLEEEEING.
   446 | D:1      | 446 ||| FLEEEEING.
   448 | D:1      | 448 ||| FLEEEEING.
   449 | D:1      | 449 ||| FLEEEEING.
   450 | D:1      | 450 ||| FLEEEEING.
   557 | D:1      | Reached XP level 3. HP: 29/29 MP: 3/3
   727 | D:1      | 727 ||| READING 3 scrolls labelled CUNYIN URESAKI.
   728 | D:1      | 728 ||| READING scroll labelled KOIMAWNE JEBAR.
   729 | D:1      | 729 ||| READING scroll labelled GESUMI VIWEP.
   830 | D:1      | 830 ||| READING scroll labelled AHAISO BIQAWK.
   831 | D:1      | 831 ||| DROPPING scroll of poison.
   966 | D:2      | You fall into a shaft and drop 2 floors!
  1044 | D:4      | Found a bloodstained altar of Trog.
  1045 | D:4      | 1045 ||| Stepping ~*~*~tactically~*~*~ (outnumbered).
  1049 | D:4      | 1049 ||| Stepping ~*~*~tactically~*~*~ (outnumbered).
  1056 | D:4      | Reached skill level 4 in Ranged Weapons
  1056 | D:4      | 1056 ||| Stepping ~*~*~tactically~*~*~ (outnumbered).
  1178 | D:4      | HP: 5/29 [something/puff of flame (6)]
  1179 | D:4      | Slain by an orc wizard

Levels and vault maps discovered:
D:1:      lightli_arrival_statuegarden, layout_loops_cross, serial_bayou_pond_c
D:2:      layout_loops_corners, nicolae_titane, uniq_jessica
D:4:      layout_rooms, nicolae_hepliaklqana_monster_ancestors,
          trog_hazing_becter

Skill      XL: |  1  2  3 |
---------------+----------+-----
Ranged Weapons | 3 4 |  4.4
Fighting       | 2 |  2.0
Dodging        | |  2.1
Spellcasting   | |  1.0
Hexes          | |  2.0

Action                     || total
---------------------------++-------
   Fire: Sling             ||   139
    Use: Scroll            ||     4
 Armour: Robe              ||    16
  Dodge: Dodged            ||    62

Table legend:
 A = Non-vault XP
 B = Vault XP
 C = Vault XP percentage of total XP
 D = Non-vault monster count
 E = Vault monster count
 F = Vault count percentage of total count
                 A         B        C        D         E       F
            +---------+---------+-------+---------+---------+-------
      Total |      74 |      12 |  14.0 |      35 |       6 |  14.6
            +---------+---------+-------+---------+---------+-------
        D:1 |      41 |       0 |   0.0 |      25 |       0 |   0.0
        D:2 |       3 |       0 |   0.0 |       2 |       0 |   0.0
        D:4 |      30 |      12 |  28.6 |       8 |       6 |  42.9
            +---------+---------+-------+---------+---------+-------
